 Dungeon Crawl Stone Soup version 0.23.2-1-ga50397a6bc (webtiles) character file.

Game seed: 7285738682522627987

104 Anathary the Ruffian (level 4, -1/37 (40) HPs)
             Began as a Ghoul Monk on May 28, 2019.
             Slain by an ooze (2 damage)
             ... on level 2 of the Dungeon.
             The game lasted 00:04:33 (872 turns).

Anathary the Ruffian (Ghoul Monk)                    Turns: 872, Time: 00:04:34

HP:   -1/37 (40)    AC:  3    Str: 15    XL:     4   Next: 80%
MP:   3/3           EV: 13    Int:  5    God:
Gold: 36            SH:  0    Dex: 11    Spells: 3/3 levels left

rFire    . . .     SeeInvis +     - Unarmed
rCold    + . .     Gourm    .   (no shield)
rNeg     + + +     Faith    .   a - +0 robe
rPois    ∞         Spirit   .   d - +0 helmet {SInv}
rElec    .         Reflect  .   (no cloak)
rCorr    .         Harm     .   (no gloves)
MR       .....                  (no boots)
Stlth    ++........             (no amulet)
HPRegen  0.00/turn              (no ring)
MPRegen  0.08/turn              (no ring)

@: rotting, slowed, very slow
A: rotting body, claws 1, carnivore, cold resistance 1, negative energy
resistance 3, inhibited regeneration, torment resistance, unbreathing
a: no special abilities


You were on level 2 of the Dungeon.
You were not hungry.

You visited 1 branch of the dungeon, and saw 2 of its levels.

You collected 36 gold pieces.

Inventory:

Armour
 a - a +0 robe (worn)
 d - a +0 helmet of see invisible (worn)
Jewellery
 f - a cursed ring of attention {unknown}
 i - an uncursed ring of see invisible {unknown}
 k - a cursed -2 ring of protection {unknown}
Scrolls
 c - 2 scrolls of identify {unknown}
 e - a scroll of remove curse {unknown}
 j - a scroll of noise {unknown}
Potions
 g - a potion of haste {unknown}
 h - a potion of lignification {unknown}
Comestibles
 b - 3 rations


   Skills:
 * Level 3.9 Fighting
 + Level 3.0 Dodging
 + Level 2.4 Stealth
 * Level 5.0 Unarmed Combat


You had 3 spell levels left.
You didn't know any spells.
Your spell library was empty.

Dungeon Overview and Level Annotations

Branches:
Dungeon (2/15)

Altars:


Innate Abilities, Weirdness & Mutations

Your body is rotting away.
You thrive on raw meat.
You are immune to poison.
You have sharp fingernails.
You are carnivorous and can eat meat at any time.
Your flesh is cold resistant. (rC+)
You are immune to negative energy. (rN+++)
You do not regenerate when monsters are visible.
You are immune to unholy pain and torment.
You can survive without breathing.


Message History

You feel as though you will be slow longer.
The ooze barely misses you.
You miss Natasha.
Natasha is almost dead.
The crimson imp blinks!
Natasha claws you but does no damage. The ooze hits you but does no damage.
You scratch Natasha.
You kill Natasha!
Natasha growls in agony!
The crimson imp disappears in a puff of smoke!
Your Unarmed Combat skill increases to level 5!
The ooze hits you.
* * * LOW HITPOINT WARNING * * *
The ooze hits you but does no damage.
You scratch the ooze but do no damage. The ooze closely misses you.
You scratch the ooze but do no damage. The ooze barely misses you.
You claw the ooze!
The ooze is severely wounded.
The ooze hits you.
You die...

#..#.# #.##.##...###...#
##.##.#...........
###.......##.#######
#.........##..######
####......(...##.......
..............#######..
#..........###......
###..@...........####.
#....J...........## #.
#.............##.....#.
...............######...
...###.........# #. ..
#.........# . .
#..........#
##..<....#...
##.....#####.


You could see an ooze.

Vanquished Creatures
  Natasha (twice) (D:2)
  An adder (D:2)
  An ooze (D:1)
  A worm (D:2)
  A dart slug (D:1)
  A leopard gecko (D:1)
  10 bats
  3 giant cockroaches (D:1)
  5 goblins (D:1)
  2 hobgoblins (D:1)
  A kobold (D:1)
  A ball python (D:1)
  A frilled lizard (D:1)
  4 rats
34 creatures vanquished.

Notes
Turn   | Place    | Note
-------+----------+-------------------------------------------
     0 | D:1      | Anathary the Ghoul Monk began the quest for the Orb.
     0 | D:1      | Reached XP level 1. HP: 19/19 MP: 0/0
   128 | D:1      | Reached XP level 2. HP: 26/26 MP: 1/1
   387 | D:1      | Reached skill level 4 in Unarmed Combat
   387 | D:1      | Reached XP level 3. HP: 25/33 MP: 2/2
   808 | D:2      | Noticed Natasha
   819 | D:2      | Killed Natasha
   819 | D:2      | Reached XP level 4. HP: 23/38 MP: 3/3
   855 | D:2      | Noticed Natasha
   869 | D:2      | Killed Natasha
   869 | D:2      | Reached skill level 5 in Unarmed Combat
   869 | D:2      | HP: 1/37 [ooze (2)]
   872 | D:2      | Slain by an ooze

Skill      XL: |  1  2  3  4 |
---------------+-------------+-----
Unarmed Combat | 4 5 |  5.0
Dodging        | 3 |  3.0
Fighting       | |  3.9
Stealth        | |  2.4

Action                   |  1- 3 |  4- 6 || total
-------------------------+-------+-------++-------
Melee: Unarmed           |    86 |    13 ||    99
       Punch             |     3 |       ||     3
 Stab: Sleeping          |     2 |       ||     2
  Eat: Chunk             |     8 |       ||     8
Armor: Robe              |    24 |     5 ||    29
Dodge: Dodged            |    69 |    12 ||    81
